Map: Catalyst LE

Players

Harstem - Winner!

  • Race: Protoss Protoss
  • Spawn Location: 11:00

HeltEn

  • Race: Terran Terran
  • Spawn Location: 5:00

Event: WCS Leipzig 2018

VOD

Have the link to the VOD?

Description

Time

  • Played on: Jan. 26, 2018, 9:17 a.m.
  • Length: 9:39

All games in this series

Show
View Real Time Build Order
Export as new Build Order

Harstem Protoss - Winner!

Build Orders: 1 Gate Expand, Chargelot Immortal, Zealot Archon 

Get SALT Encoding   

  12  0:00  Probe  
  13  0:13  Probe  
  14  0:17  Pylon  
  14  0:25  Probe (Chrono Boost)  
  15  0:37  Probe (Chrono Boost), Gateway  
  16  0:43  Probe (Chrono Boost)  
  16  0:47  Assimilator  
  17  0:51  Probe  
  18  1:03  Probe  
  19  1:15  Probe  
  20  1:24  Nexus  
  20  1:34  Cybernetics Core  
  20  1:39  Probe  
  21  1:44  Assimilator  
  21  1:51  Probe  
  22  1:55  Pylon  
  22  1:58  Warp Gate (Chrono Boost)  
  22  2:03  Probe  
  23  2:10  Stalker (Chrono Boost)  
  23  2:15  Probe  
  26  2:27  Probe  
  26  2:29  Robotics Facility  
  27  2:42  Probe  
  27  2:44  Probe  
  29  2:55  Probe  
  29  2:56  Probe  
  31  3:00  Gateway  
  31  3:02  Gateway  
  31  3:07  Probe  
  31  3:08  Probe  
  33  3:14  Warp Prism (Chrono Boost)  
  35  3:20  Stalker  
  35  3:26  Probe  
  35  3:27  Probe  
  39  3:30  Pylon  
  39  3:38  Probe  
  39  3:39  Probe  
  41  3:45  Observer  
  42  3:50  Probe  
  42  3:51  Pylon  
  44  3:58  Stalker  
  44  3:59  Stalker x2  
  44  4:00  Probe  
  50  4:05  Probe  
  50  4:09  Observer  
  52  4:10  Twilight Council  
  52  4:19  Probe  
  54  4:24  Probe  
  54  4:31  Probe  
  55  4:33  Forge  
  55  4:34  Sentry  
  57  4:40  Nexus  
  57  4:43  Probe, Assimilator  
  59  4:48  Immortal (Chrono Boost), Charge (Chrono Boost)  
  61  5:01  Protoss Ground Armor Level 1 (Chrono Boost)  
  61  5:04  Gateway  
  61  5:06  Probe  
  62  5:12  Pylon  
  62  5:20  Pylon  
  62  5:22  Probe  
  62  5:23  Pylon  
  62  5:30  Probe  
  63  5:41  Probe  
  64  5:43  Gateway, Immortal (Chrono Boost)  
  64  5:45  Gateway  
  64  5:47  Gateway  
  64  5:48  Zealot x2  
  72  5:52  Probe  
  72  5:56  Probe  
  74  5:58  Gateway  
  74  6:00  Probe  
  74  6:02  Templar Archives  
  75  6:04  Probe  
  75  6:05  Zealot  
  75  6:08  Probe  
  79  6:24  Probe, Zealot x2  
  79  6:25  Probe, Zealot  
  86  6:27  Probe, Assimilator  
  86  6:30  Pylon  
  86  6:31  Immortal (Chrono Boost)  
  88  6:36  Probe  
  88  6:38  Probe, Protoss Ground Weapons Level 1 (Chrono Boost)  
  88  6:39  Probe  
  95  6:45  High Templar x2  
  99  6:47  Pylon  
  99  6:48  Probe  
  99  6:50  Probe, Archon  
  99  6:51  Probe  
  102  6:55  Zealot x2  
  102  6:57  Pylon  
  102  7:00  Probe  
  107  7:02  Probe  
  107  7:07  Zealot x4  
  116  7:12  Assimilator  
  116  7:14  Pylon  
  116  7:15  High Templar  
  116  7:16  High Templar  
  116  7:19  Pylon  
  116  7:20  Pylon  
  116  7:22  Psionic Storm  
  120  7:23  Immortal (Chrono Boost)  
  124  7:33  Pylon  
  125  7:39  Gateway x2  
  125  7:41  Pylon  
  124  7:46  Zealot x2  
  128  7:57  Zealot x5  
  138  8:10  Probe  
  138  8:12  Pylon  
  137  8:14  Pylon  
  137  8:15  Pylon  
  137  8:17  Pylon  
  137  8:20  Zealot x2  
  137  8:22  Zealot x3  
  147  8:29  High Templar x2  
  147  8:31  Pylon  
  145  8:35  Zealot  
  145  8:40  Zealot  
  143  8:45  Zealot x4  
  133  8:50  High Templar x3  
  139  9:04  Zealot x6  
  155  9:11  Probe  
  155  9:13  Pylon  
  148  9:17  Probe  
  141  9:24  Stalker x2  
  141  9:25  Stalker  
  141  9:26  Probe  
  144  9:38  Stalker x3  
Show
View Real Time Build Order
Export as new Build Order

HeltEn Terran 

Build Orders: MMM Bio 

Get SALT Encoding   

  12  0:00  SCV  
  13  0:12  SCV  
  14  0:17  Supply Depot  
  14  0:24  SCV  
  15  0:39  SCV, Barracks  
  16  0:44  Refinery  
  16  0:51  SCV  
  17  1:03  SCV  
  18  1:16  SCV  
  19  1:27  Marine  
  19  1:28  Orbital Command  
  20  1:48  Command Center  
  20  1:49  Barracks Reactor  
  20  1:55  SCV  
  21  2:01  Supply Depot  
  21  2:07  SCV  
  22  2:13  Factory  
  22  2:19  SCV  
  23  2:25  Marine x2  
  25  2:31  Barracks  
  24  2:40  SCV  
  24  2:43  Marine x2  
  27  2:52  SCV  
  27  2:56  Factory Tech Lab  
  28  3:01  Marine x2  
  28  3:04  SCV  
  31  3:14  Orbital Command  
  31  3:15  Siege Tank  
  31  3:17  SCV  
  31  3:19  Marine x2  
  37  3:21  Marine  
  38  3:28  Supply Depot  
  38  3:33  SCV  
  39  3:37  Marine x2  
  39  3:40  SCV  
  42  3:43  Marine  
  42  3:47  SCV  
  44  3:49  Siege Tank  
  44  3:52  Supply Depot  
  47  3:55  Marine  
  47  3:56  Marine  
  47  4:01  Marine  
  50  4:03  SCV  
  50  4:05  SCV  
  50  4:06  Supply Depot  
  52  4:14  Marine x2  
  53  4:21  Barracks Tech Lab  
  53  4:22  SCV x2  
  52  4:32  Marine  
  52  4:34  SCV  
  52  4:36  SCV, Refinery  
  55  4:40  Siege Tank  
  55  4:41  Marine  
  55  4:44  Bunker  
  58  4:57  Marine x2  
  60  5:05  Barracks x2  
  60  5:06  Marine  
  60  5:10  Stimpack  
  60  5:11  SCV  
  60  5:12  SCV, Barracks  
  62  5:18  Engineering Bay  
  62  5:19  Marine  
  63  5:24  Marine  
  64  5:32  Refinery  
  64  5:33  Refinery  
  63  5:38  SCV x2  
  63  5:39  Marine x2  
  66  5:43  Factory Reactor  
  66  5:48  Starport  
  66  5:50  SCV  
  67  5:59  Barracks Tech Lab, Barracks Reactor  
  67  6:00  Marine x2  
  67  6:01  Marine  
  70  6:08  Terran Infantry Weapons Level 1  
  70  6:12  SCV x2  
  71  6:24  Marine  
  71  6:25  Marine x4  
  77  6:32  Widow Mine  
  77  6:35  Supply Depot x2  
  77  6:36  Marine  
  78  6:43  Starport Reactor  
  78  6:44  Combat Shields  
  78  6:45  Concussive Shells  
  78  6:56  SCV x2, Marine x3  
  78  6:57  Widow Mine  
  78  6:58  Marine  
  78  7:00  Marauder  
  88  7:05  Marauder  
  88  7:06  Marauder  
  91  7:09  Widow Mine  
  91  7:15  Marine  
  94  7:26  Widow Mine, Medivac x2, Marine, Supply Depot  
  100  7:30  Supply Depot  
  100  7:31  Marine  
  100  7:35  Marine  
  102  7:41  Supply Depot  
  102  7:48  Marine x2, Marauder x2  
  108  7:56  Marine  
  108  7:57  Marauder  
  112  7:58  SCV x2  
  112  8:03  Medivac  
  114  8:15  Marine x2  
  114  8:16  Marauder x2  
  120  8:21  Marine  
  120  8:22  Marine, Marauder  
  122  8:33  Marine x2  
  122  8:37  Marauder  
  122  8:38  Marine  
  122  8:39  Marine  
  121  8:43  Marauder, Marine  
  121  8:51  Marine x2  
  123  8:57  Marauder, Marine  
  126  9:03  Widow Mine x2, Marine, Marauder  
  126  9:05  Marauder  
Tags
 
Add a new tag
Caveats
  • Supply blocks, unpowered buildings, or Contaminate may cause inaccurate times.
  • Supply counts are checked every 10 seconds.